[Event "ICCopen2017"]
[Site "Internet Chess Club"]
[Date "2017.03.26"]
[Round "4"]
[White "Jude"]
[Black "ural"]
[Result "0-1"]
[ICCResult "White forfeits on time"]
[WhiteElo "1943"]
[BlackElo "2354"]
[Opening "Scandinavian (center counter) defense"]
[ECO "B01"]
[NIC "SD.01"]
[Time "19:42:22"]
[TimeControl "180+0"]

1. e4 d5 2. exd5 Qxd5 3. Nc3 Qa5 4. d4 Nf6 5. Bc4 Bg4 6. f3 Be6 7. Bxe6 fxe6
8. Ne2 Nc6 9. Bf4 O-O-O 10. Qc1 h6 11. O-O g5 12. Bg3 Bg7 13. Qe3 Qf5 14.
Rad1 Nd5 15. Qe4 Nxc3 16. bxc3 Rhf8 17. Rb1 Qxe4 18. fxe4 e5 19. d5 Na5 20.
Rb4 b6 21. c4 Nb7 22. Bf2 e6 23. Nc3 exd5 24. cxd5 Rf4 25. Be3 Rxf1+ 26.
Kxf1 Bf8 27. Rc4 Bc5 28. Ke2 Rf8 29. Na4 Bxe3 30. Kxe3 Rf1 31. Rc6 Nd6 32.
Ke2 Rh1 33. h3 h5 34. Nc3 h4 35. a4 Rg1 36. Kf2 Rc1 37. Nb5 Nxb5 38. axb5
Rb1 39. c4 Rb2+ 40. Kf3 Rb3+ 41. Kf2 Rc3 42. d6 Rc2+ 43. Kf3 Rc3+ 44. Kf2
Rc2+ 45. Kf3 Rc3+ 46. Kf2 Rc2+ 47. Kg1 Re2 48. Rxc7+ Kd8 49. Rxa7 Rxe4 50.
c5 bxc5 51. b6 Rb4 52. Rc7 Rxb6 53. Rxc5 Rxd6 54. Rxe5 Rg6 55. Rd5+ Ke7 56.
Kf2 Kf6 57. Kf3 Kg7 58. Kg4 Kh6 59. Re5 Rf6 60. Rxg5 Rf2 61. g3 hxg3 62. Kh4
Rf1 63. Rxg3 Rf4+ 64. Rg4 Rf1 65. Rb4 Rf6 66. Rb5 Rg6 67. Rc5 Rf6 68. Rb5
Kg7 69. Rc5 Kg6 70. Rc7 Kh6 71. Re7 Rf4+ 72. Kg3 Rf6 73. Re5 Rg6+
{White forfeits on time}
0-1

[Event "ICCopen2017"]
[Site "Internet Chess Club"]
[Date "2017.03.26"]
[Round "4"]
[White "iragefree"]
[Black "x-plica"]
[Result "1-0"]
[ICCResult "Black forfeits on time"]
[WhiteElo "1654"]
[BlackElo "1376"]
[Opening "Queen's pawn"]
[ECO "A40"]
[NIC "QO.17"]
[Time "19:42:06"]
[TimeControl "180+0"]

1. d4 e6 2. c4 c5 3. d5 d6 4. Nc3 Be7 5. e4 Bf6 6. Bd3 Bxc3+ 7. bxc3 e5 8.
Ne2 h6 9. O-O Ne7 10. f4 exf4 11. Bxf4 Ng6 12. Bg3 O-O 13. Qc2 Ne5 14. Bxe5
dxe5 15. Ng3 Nd7 16. Rf2 Qg5 17. Raf1 Nf6 18. Qd2 Qxd2 19. Rxd2 Ng4 20. h3
Nf6 21. Rdf2 Bd7 22. Rxf6 gxf6 23. Rxf6 Kh7 24. Nh5 Rae8 25. Rd6 Ba4 26.
Nf6+ Kg7 27. Nxe8+ Rxe8 28. Kf2 Re7 29. Ke3 f6 30. Rd8 Rd7 31. Ra8 a6 32.
Be2 Kg6 33. Bg4 Re7 34. Rg8+ Kh7 35. Rb8 Kg6 36. Rg8+ Kh7 37. Be6 Rg7 38.
Rxg7+ Kxg7 39. g4 Kf8 40. Bc8 b5 41. Bxa6 bxc4 42. Bxc4 Ke7 43. Bb3 Bb5 44.
a4 Ba6 45. h4 c4 46. Bd1 Kf7 47. Bf3 Kg6 48. Be2 Kf7 49. Bf3 Ke7 50. h5 Kd6
51. Be2 Kc5 52. Bd1 Kb6 53. Kd2 Kc5 54. Kc2 Kb6 55. Kb2 Ka5 56. Ka3 Bb7 57.
Be2 Ba6 58. Bf3 Kb6 59. Be2 Kc5 60. Bf3 Kd6 61. Kb4 Ke7 62. Be2 Bc8 63. Bxc4
Kd6 64. Bb5 Bd7 65. Bxd7 Kxd7 66. a5 Kc7 67. c4 Kb7 68. c5
{Black forfeits on time}
1-0

[Event "ICCopen2017"]
[Site "Internet Chess Club"]
[Date "2017.03.26"]
[Round "4"]
[White "Radar777"]
[Black "ChessOlympian"]
[Result "1-0"]
[ICCResult "Black forfeits on time"]
[WhiteElo "1370"]
[BlackElo "1607"]
[Opening "Queen's pawn game"]
[ECO "A45"]
[NIC "QP.07"]
[Time "19:42:38"]
[TimeControl "180+0"]

1. d4 Nf6 2. e3 g6 3. Bd3 Bg7 4. Nd2 O-O 5. f4 d6 6. Ngf3 Nc6 7. c3 e5 8.
fxe5 dxe5 9. Qe2 Qe7 10. dxe5 Nxe5 11. Nxe5 Qxe5 12. Nf3 Qe7 13. Bd2 Bg4 14.
O-O-O Rad8 15. h3 Be6 16. Bc4 Ne4 17. Bxe6 Qxe6 18. Nd4 Qxa2 19. Kc2 Qa4+
20. Kb1 c5 21. Nc2 Rd7 22. Bc1 Rfd8 23. Rxd7 Qxd7 24. Qc4 Qd3 25. Qb3 b5 26.
Ka2 Rd6 27. Na3 b4 28. cxb4 Qxb3+ 29. Kxb3 cxb4 30. Kxb4 Rb6+ 31. Kc4 f5 32.
b4 Rc6+ 33. Kd5 Rc2 34. Nxc2 Nc3+ 35. Kc5 Ne4+ 36. Kb5 Nc3+ 37. Ka6 Ne2 38.
Ba3 Ng3 39. Ka5 Ne4 40. Rd1 Bc3 41. Rd8+ Kf7 42. Nd4 Ke7 43. Rh8 Bxd4 44.
exd4 Nf6 45. Ra8 Ke6 46. Rxa7 f4 47. Ra6+ Kf5 48. b5 Nd5 49. Bc1
{Black forfeits on time}
1-0

[Event "ICCopen2017"]
[Site "Internet Chess Club"]
[Date "2017.03.26"]
[Round "4"]
[White "fisherino"]
[Black "GranTorre"]
[Result "0-1"]
[ICCResult "White forfeits on time"]
[WhiteElo "1580"]
[BlackElo "1894"]
[Opening "Sicilian: Sozin, Benkö variation"]
[ECO "B57"]
[NIC "SI.25"]
[Time "19:42:29"]
[TimeControl "180+0"]

1. e4 c5 2. Nf3 Nc6 3. d4 cxd4 4. Nxd4 Nf6 5. Nc3 d6 6. Bc4 Qb6 7. Nb3 e6 8.
O-O Be7 9. Be3 Qc7 10. Nb5 Qb8 11. N3d4 Nxe4 12. Nxc6 bxc6 13. Nd4 Bb7 14.
Qf3 d5 15. Bb3 O-O 16. Bf4 Bd6 17. Bxd6 Qxd6 18. c4 Qe5 19. Rad1 Rad8 20.
cxd5 cxd5 21. Nb5 Ba6 22. a4 Bxb5 23. axb5 Qxb2 24. Rb1 Qc3 25. Rfc1 Qxf3
26. gxf3 Nd2 27. Rb2 Nxf3+ 28. Kg2 Ne5 29. Rc7 Rd7 30. Rbc2 g6 31. Ba4 Rb8
32. b6 axb6 33. Bxd7 b5 34. Rc8+ Rxc8 35. Bxc8 Kg7 36. Rb2 Nc4 37. Rxb5 Nd6
38. Rxd5 Nxc8 39. Rd8 Nb6 40. Rb8 Nd5 41. Rb5 Kf6 42. Kf3 h5 43. h4 Ke5 44.
Rb7 Kf6 45. Ke4 Ne7 46. f4 Nf5 47. Rc7 Nxh4 48. Rd7 Nf5 49. Ra7 Ng3+ 50. Kf3
Nf5 51. Kf2 Ne7 52. Rb7 Nd5 53. Rb5 h4 54. Rb1 Kf5 55. Rh1 Nxf4 56. Rxh4 g5
57. Rh7 f6 {White forfeits on time} 0-1

[Event "ICCopen2017"]
[Site "Internet Chess Club"]
[Date "2017.03.26"]
[Round "4"]
[White "arnav311004"]
[Black "RobertoJBM"]
[Result "1/2-1/2"]
[ICCResult "Game drawn because neither player has mating material"]
[WhiteElo "1694"]
[BlackElo "2750"]
[Opening "Réti: King's Indian attack (Barcza system)"]
[ECO "A07"]
[NIC "QP.09"]
[Time "19:42:17"]
[TimeControl "180+0"]

1. Nf3 d5 2. g3 c6 3. Bg2 Bg4 4. O-O Nd7 5. c4 e6 6. cxd5 cxd5 7. d4 Ngf6 8.
Nc3 Be7 9. Bf4 O-O 10. Nb5 Qb6 11. a4 Rfc8 12. Rc1 Qd8 13. Bc7 Qf8 14. Qb3
Ne4 15. Rfd1 a6 16. Na3 b6 17. h3 Bh5 18. g4 Bg6 19. Ne5 Nxe5 20. Bxe5 Bb4
21. f3 Nd2 22. Qe3 Bxa3 23. Qxd2 Bb4 24. Qe3 Qe8 25. h4 f6 26. Bg3 Bf7 27.
b3 Qd7 28. f4 Rxc1 29. Rxc1 Rc8 30. Rxc8+ Qxc8 31. h5 Qc3 32. Qxc3 Bxc3 33.
e3 f5 34. gxf5 exf5 35. Bf3 a5 36. Be2 Be8 37. Bf2 Kf7 38. Bd3 Ke6 39. Be2
Bb4 40. Kg2 Be7 41. Kh3 Bb4 42. Bh4 Be7 43. Bxe7 Kxe7 44. Kh4 Kf6 45. Bd3
Bc6 46. Be2 Bd7 47. Bd3 Be6 48. Be2 Bd7 49. Bd3 Be8 50. Be2 Bd7 51. Bd3 g6
52. hxg6 hxg6 53. Ba6 Bc6 54. Bc8 b5 55. axb5 Bxb5 56. Bb7 a4 57. bxa4 Bxa4
58. Bxd5 Be8 59. Bf3 Bd7 60. Kg3 Be8 61. Kf2 Ke6 62. Ke2 Kd6 63. Kd3 Bf7 64.
Kc3 Ke6 65. Kc4 Kd6+ 66. d5 Be6 67. Kd4 Bf7 68. e4 fxe4 69. Bxe4 Be8 70. Bf3
Bf7 71. Kc4 Bg8 72. Kd4 Bf7 73. Be4 Bg8 74. Bxg6 Bxd5 75. f5 Be6 76. f6 Bd7
77. Bf7 Be6 78. Be8 Bg8 79. Bd7 Kxd7 80. Ke5 Bf7 81. Kf5 Kd6 82. Kg5 Ke6 83.
Kh6 Kxf6 {Game drawn because neither player has mating material} 1/2-1/2

[Event "ICCopen2017"]
[Site "Internet Chess Club"]
[Date "2017.03.26"]
[Round "4"]
[White "Jimxyz"]
[Black "nikenwidiartto"]
[Result "0-1"]
[ICCResult "White forfeits on time"]
[WhiteElo "1393"]
[BlackElo "1876"]
[Opening "Nimzovich-Larsen attack: classical variation"]
[ECO "A01"]
[NIC "VO.08"]
[Time "19:42:30"]
[TimeControl "180+0"]

1. b3 d5 2. e3 Nf6 3. Bb2 c5 4. c4 Nc6 5. Nf3 Bg4 6. Be2 e6 7. h3 Bh5 8. Ne5
Bxe2 9. Qxe2 Nxe5 10. Bxe5 Bd6 11. Bxd6 Qxd6 12. Nc3 O-O 13. O-O a6 14. d3
Rfd8 15. Rfd1 d4 16. exd4 Qxd4 17. Ne4 Rd7 18. Nxf6+ Qxf6 19. Qe3 Qd4 20.
Qxd4 Rxd4 21. Rd2 Rad8 22. Rad1 Kf8 23. Kf1 Ke7 24. Ke2 e5 25. Ke3 f5 26. g3
Kf6 27. f3 g5 28. Ke2 b5 29. Ke3 b4 30. Ke2 R4d6 31. Ke3 h6 32. Ke2 a5 33.
Ke3 Ra8 34. Ke2 Rda6 35. Ra1 a4 36. bxa4 Rxa4 37. Rb2 Ra3 38. Kd2 Rc3 39.
Rc2 Raa3 40. Rxc3 Rxc3 41. Rc1 Ra3 42. Ra1 Ke6 43. Kc1 h5 44. Kd2 h4 45. g4
fxg4 46. fxg4 e4 47. dxe4 Rxh3 48. Ke2 Rg3 49. Kf2 Rxg4 50. a4 bxa3 51. Rxa3
Rxe4 52. Ra6+ Kf5 53. Rc6 Rxc4 54. Rd6 g4 55. Rd8 Rc2+ 56. Ke3 h3 57. Rf8+
Kg5 58. Rg8+ Kh4 59. Rh8+ Kg3 60. Rh4 Kxh4 {White forfeits on time} 0-1

[Event "ICCopen2017"]
[Site "Internet Chess Club"]
[Date "2017.03.26"]
[Round "4"]
[White "DoctorWho"]
[Black "Ricardov"]
[Result "0-1"]
[ICCResult "White forfeits on time"]
[WhiteElo "1833"]
[BlackElo "2192"]
[Opening "Benoni: classical with e4 and Nf3"]
[ECO "A70"]
[NIC "QP.07"]
[Time "19:42:25"]
[TimeControl "180+0"]

1. d4 Nf6 2. c4 e6 3. Nc3 c5 4. d5 exd5 5. cxd5 d6 6. e4 g6 7. Nf3 a6 8. a4
Bg4 9. Qb3 Bxf3 10. Qxb7 Nbd7 11. gxf3 Bg7 12. Qc6 O-O 13. Qxd6 Nh5 14. Bh3
f5 15. Be3 Rf6 16. Bxc5 Rxd6 17. Bxd6 Qh4 18. Bg2 Nf4 19. Bf1 Bd4 20. O-O-O
Bxf2 21. Bc4 Rc8 22. Bxa6 Ne2+ 23. Bxe2 fxe4 24. Kb1 exf3 25. Bxf3 Rxc3 26.
bxc3 Qxa4 27. Bb4 Qb3+ 28. Ka1 Nc5 29. d6 Qa4+ 30. Kb2 Qb3+ 31. Ka1 Qa4+ 32.
Kb2 Kg7 33. Bxc5 Bxc5 34. Bd5 Ba3+ 35. Ka1 Qc2 36. Rb1 Qxc3+ 37. Ka2 Bxd6
38. Bb3 Qa5+ 39. Kb2 Be5+ 40. Kc2 Qc3+ 41. Kd1 Qd3+ 42. Kc1 Bc3 43. Rd1 Qe3+
44. Kc2 Bd4 45. Rd3 Qe2+ 46. Kc1 Qxd3 47. Bc2 Qc3 48. Rb3 Kh6
{White forfeits on time}
0-1

[Event "ICCopen2017"]
[Site "Internet Chess Club"]
[Date "2017.03.26"]
[Round "4"]
[White "dhar2603"]
[Black "manusupergm2001"]
[Result "1-0"]
[ICCResult "Black checkmated"]
[WhiteElo "1856"]
[BlackElo "2106"]
[Opening "English: symmetrical variation"]
[ECO "A33"]
[NIC "QP.10"]
[Time "19:41:56"]
[TimeControl "180+0"]

1. Nf3 c5 2. c4 Nc6 3. Nc3 Nf6 4. d4 cxd4 5. Nxd4 e6 6. e4 d5 7. cxd5 exd5
8. Nxc6 bxc6 9. exd5 cxd5 10. Bb5+ Bd7 11. Bxd7+ Qxd7 12. O-O Be7 13. Bg5
O-O 14. Bxf6 Bxf6 15. Nxd5 Qd6 16. Nxf6+ Qxf6 17. b3 Rfd8 18. Qe2 Rac8 19.
g3 Re8 20. Qb5 Re6 21. Rac1 Rce8 22. Qb7 R6e7 23. Qc6 Re6 24. Qa4 a6 25. Qd7
R6e7 26. Qd3 h6 27. Kg2 Re2 28. Rc8 Qe6 29. Rxe8+ Qxe8 30. Qxa6 Qe4+ 31. Kg1
Qc2 32. b4 Qxa2 33. Qxa2 Rxa2 34. Rb1 Ra8 35. b5 Rb8 36. Kg2 Kf8 37. Kf3 Ke7
38. Ke4 Kd6 39. Kd4 Rd8 40. b6 Kc6+ 41. Ke4 Rb8 42. Ke5 Re8+ 43. Kf5 Rb8 44.
Ke5 Re8+ 45. Kd4 Rb8 46. Ke5 Re8+ 47. Kf4 Re7 48. Kf5 Rb7 49. Ke5 Rd7 50. b7
Re7+ 51. Kf5 Rxb7 52. Rxb7 Kxb7 53. Ke5 Kc7 54. Kd5 Kd7 55. f4 Ke7 56. Ke5
f6+ 57. Kf5 Kf7 58. h4 g6+ 59. Ke4 Ke6 60. g4 Kd6 61. Kd4 Ke6 62. Ke4 f5+
63. gxf5+ gxf5+ 64. Kd4 Kd6 65. h5 Ke6 66. Kc5 Ke7 67. Kd5 Kf6 68. Kd6 Kf7
69. Ke5 Kg7 70. Kxf5 Kh7 71. Ke5 Kg7 72. Ke6 Kf8 73. f5 Kg8 74. Ke7 Kg7 75.
f6+ Kh7 76. f7 Kg7 77. f8=Q+ Kh7 78. Qf7+ Kh8 79. Qf5 Kg7 80. Qg6+ Kh8 81.
Qg4 Kh7 82. Kf7 Kh8 83. Qg7# {Black checkmated} 1-0

[Event "ICCopen2017"]
[Site "Internet Chess Club"]
[Date "2017.03.26"]
[Round "4"]
[White "Buscapina"]
[Black "Seraphim"]
[Result "1-0"]
[ICCResult "Black checkmated"]
[WhiteElo "2198"]
[BlackElo "1868"]
[Opening "Sicilian: Smith-Morra gambit"]
[ECO "B21"]
[NIC "SI.48"]
[Time "19:43:39"]
[TimeControl "180+0"]

1. e4 c5 2. d4 cxd4 3. c3 dxc3 4. Nxc3 d6 5. Nf3 a6 6. Bc4 e6 7. O-O Be7 8.
Qe2 b5 9. Bb3 Ra7 10. Bf4 Rd7 11. Rad1 Nc6 12. e5 d5 13. Rc1 Bb7 14. Rfd1 h5
15. a4 Na5 16. Bc2 b4 17. Nb1 Nh6 18. Nd4 g6 19. Nxe6 fxe6 20. Bxg6+ Nf7 21.
Qf3 Bg5 22. Rc5 Nc4 23. h4 Bxf4 24. Qxf4 Nxe5 25. Qxe5 O-O 26. Qxe6 Rd6 27.
Qh3 Rxg6 28. Nd2 d4 29. Nf3 Nh6 30. Ng5 Nf5 31. Rxf5 Rxf5 32. Qxf5 Bc8 33.
Qxg6+ Kf8 34. Qf7# {Black checkmated} 1-0

[Event "ICCopen2017"]
[Site "Internet Chess Club"]
[Date "2017.03.26"]
[Round "4"]
[White "Dare-Dare"]
[Black "giovana64"]
[Result "1-0"]
[ICCResult "Black forfeits on time"]
[WhiteElo "1914"]
[BlackElo "1569"]
[Opening "Bird's opening"]
[ECO "A03"]
[NIC "VO.07"]
[Time "19:43:43"]
[TimeControl "180+0"]

1. f4 d5 2. Nf3 e6 3. e3 Nf6 4. b3 Be7 5. Bb2 O-O 6. d4 b6 7. Bd3 Ba6 8. c3
Bxd3 9. Qxd3 c5 10. Nbd2 Nc6 11. O-O cxd4 12. exd4 Qc7 13. Ne5 Nd7 14. Ndf3
f6 15. Nxc6 Qxc6 16. Rfe1 Rfe8 17. Re2 Bd6 18. Rae1 Bxf4 19. g3 Bc7 20. Nh4
e5 21. dxe5 Nxe5 22. Qf5 Nf7 23. Nf3 Ne5 24. Nd4 Qd6 25. Nb5 Qc5+ 26. Nd4
Kf7 27. g4 Ng6 28. Re6 Be5 29. Kh1 Qc8 30. Rxe8 Qxe8 31. g5 Qc8 32. Qf3 Qc7
33. Qxd5+ Kf8 34. Ne6+ {Black forfeits on time} 1-0

[Event "ICCopen2017"]
[Site "Internet Chess Club"]
[Date "2017.03.26"]
[Round "4"]
[White "egyptiantiger"]
[Black "jwlev"]
[Result "1-0"]
[ICCResult "Black resigns"]
[WhiteElo "1723"]
[BlackElo "1196"]
[Opening "QGD: 4.Bg5 Be7"]
[ECO "D53"]
[NIC "QO.13"]
[Time "19:46:58"]
[TimeControl "180+0"]

1. d4 d5 2. c4 Nf6 3. Nc3 e6 4. Bg5 Be7 5. e3 h6 6. Bh4 Bd7 7. Bxf6 Bxf6 8.
cxd5 exd5 9. Nxd5 O-O 10. Nf3 Bc6 11. Nc3 Nd7 12. Be2 Nb6 13. O-O Nd5 14.
Qd2 Qd6 15. Ne4 Qe7 16. Nxf6+ Qxf6 17. Ne5 Rfe8 18. Bf3 Qg5 19. Rac1 f6 20.
Nxc6 bxc6 21. Rxc6 Rab8 22. b3 f5 23. Bxd5+ Kh8 {Black resigns} 1-0

[Event "ICCopen2017"]
[Site "Internet Chess Club"]
[Date "2017.03.26"]
[Round "4"]
[White "RobbieWilliams"]
[Black "tryto"]
[Result "1-0"]
[ICCResult "Black checkmated"]
[WhiteElo "1839"]
[BlackElo "1297"]
[Opening "Queen's pawn game"]
[ECO "A45"]
[NIC "QP.07"]
[Time "19:47:23"]
[TimeControl "180+0"]

1. d4 Nf6 2. e3 e6 3. Bd3 c5 4. c3 b6 5. f4 Bb7 6. Nf3 d5 7. O-O Be7 8. Nbd2
Nc6 9. Ne5 O-O 10. Qf3 Rc8 11. g4 cxd4 12. exd4 Qc7 13. g5 Ne8 14. Bxh7+
Kxh7 15. Qh5+ Kg8 16. Rf3 Nxe5 17. fxe5 Nd6 18. Rh3 f6 19. g6 Nf5 20. Qh8#
{Black checkmated}
1-0

[Event "ICCopen2017"]
[Site "Internet Chess Club"]
[Date "2017.03.26"]
[Round "4"]
[White "croder"]
[Black "A4-H5"]
[Result "0-1"]
[ICCResult "White checkmated"]
[WhiteElo "1526"]
[BlackElo "1784"]
[Opening "Sicilian: closed, 2...Nc6"]
[ECO "B23"]
[NIC "SI.44"]
[Time "19:45:00"]
[TimeControl "180+0"]

1. e4 c5 2. Nc3 Nc6 3. d3 g6 4. Nf3 Bg7 5. Be2 Nf6 6. Bd2 d6 7. O-O O-O 8.
Qc1 Re8 9. a3 Rb8 10. Rb1 b5 11. Bd1 a5 12. Bh6 Bh8 13. Ne2 b4 14. a4 e5 15.
b3 Bg4 16. Ng3 Bxf3 17. Bxf3 Nd4 18. Bd1 Qd7 19. c4 Ng4 20. Be3 Nxe3 21.
Qxe3 Rf8 22. f4 f5 23. fxe5 Bxe5 24. exf5 Bxg3 25. Qxg3 Rxf5 26. Bg4 Qe7 27.
Rfe1 Re5 28. Rxe5 Qxe5 29. Qxe5 dxe5 30. Re1 Re8 31. Bd1 Kf7 32. Kf2 Ke6 33.
Ke3 h5 34. Ke4 Rf8 35. g3 Rf2 36. h3 h4 37. Bg4+ Kd6 38. gxh4 Rf4+ 39. Ke3
Nc2+ 40. Kd2 Nxe1 41. Kxe1 e4 42. dxe4 Rxe4+ 43. Kd2 Ke5 44. h5 gxh5 45.
Bxh5 Kd4 46. Bg4 Rf4 47. Ke2 Kc3 48. Ke3 Rf8 49. Ke4 Kxb3 50. Kd5 Kxa4 51.
Kxc5 b3 52. Bd7+ Ka3 53. Kb6 b2 54. c5 b1=Q+ 55. Kc7 Qb8+ 56. Kc6 Rf6+ 57.
Kd5 Qd8 58. c6 Qc7 59. h4 Qd6+ 60. Kc4 Rf4+ 61. Kb5 Rb4+ 62. Ka6 Qc7 63. Bc8
Qb6# {White checkmated} 0-1

[Event "ICCopen2017"]
[Site "Internet Chess Club"]
[Date "2017.03.26"]
[Round "5"]
[White "Mad-Cobra"]
[Black "Chamanx"]
[Result "1-0"]
[ICCResult "Black resigns"]
[WhiteElo "1860"]
[BlackElo "1519"]
[Opening "King's Indian: East Indian defense"]
[ECO "A48"]
[NIC "QP.06"]
[Time "19:52:02"]
[TimeControl "180+0"]

1. d4 Nf6 2. Nf3 g6 3. e3 Bg7 4. Be2 O-O 5. O-O d5 6. h3 Nbd7 7. c3 e6 8.
Nbd2 Re8 9. b4 Nf8 10. a4 a5 11. b5 b6 12. Ba3 h6 13. Qc2 N8h7 14. e4 dxe4
15. Nxe4 Nxe4 16. Qxe4 f5 17. Qxa8 e5 18. Nxe5 Bxe5 19. dxe5 Qd2 20. Bf3 Bd7
21. Qd5+ Be6 22. Qxd2 {Black resigns} 1-0

[Event "ICCopen2017"]
[Site "Internet Chess Club"]
[Date "2017.03.26"]
[Round "5"]
[White "Kokopelli"]
[Black "ErnestoRondon"]
[Result "1-0"]
[ICCResult "Black disconnected and forfeits"]
[WhiteElo "1111"]
[BlackElo "1827"]
[Opening "Sicilian: O'Kelly variation"]
[ECO "B28"]
[NIC "SI.43"]
[Time "19:51:37"]
[TimeControl "180+0"]

1. e4 c5 2. Nf3 a6 3. d4 cxd4 4. Qxd4 Nc6 5. Qd1 e5 6. Nc3 Nf6 7. Bg5 Be7 8.
Bc4 d6 9. O-O O-O 10. Bxf6 Bxf6 11. Bd5 Bg4 12. Bxc6
{Black disconnected and forfeits}
1-0

[Event "ICCopen2017"]
[Site "Internet Chess Club"]
[Date "2017.03.26"]
[Round "5"]
[White "EddieBarber"]
[Black "krankenstein"]
[Result "1-0"]
[ICCResult "Black resigns"]
[WhiteElo "1872"]
[BlackElo "1152"]
[Opening "Philidor: exchange variation"]
[ECO "C41"]
[NIC "KP.08"]
[Time "19:52:03"]
[TimeControl "180+0"]

1. e4 e5 2. Nf3 d6 3. d4 exd4 4. Nxd4 c5 5. Nb5 a6 6. N5c3 h6 7. Nd5 Nc6 8.
Nbc3 Bd7 9. a4 Nf6 10. Nxf6+ Qxf6 11. Bc4 Be7 12. O-O O-O 13. Nd5 Qg6 14. c3
Bg5 15. Nf4 Ne5 16. Nxg6 {Black resigns} 1-0

[Event "ICCopen2017"]
[Site "Internet Chess Club"]
[Date "2017.03.26"]
[Round "5"]
[White "oli2"]
[Black "rugsy"]
[Result "1-0"]
[ICCResult "Black resigns"]
[WhiteElo "1671"]
[BlackElo "1420"]
[Opening "English: symmetrical variation"]
[ECO "A34"]
[NIC "EO.64"]
[Time "19:51:42"]
[TimeControl "180+0"]

1. c4 c5 2. Nc3 Nf6 3. e4 g6 4. g3 Bg7 5. Bg2 Nh5 6. Nge2 Bxc3 7. Nxc3 Ng7
8. O-O e6 9. d3 a6 10. Be3 b6 11. f4 Bb7 12. Qd2 O-O 13. Rae1 Qc7 14. g4 d6
15. f5 exf5 16. gxf5 f6 17. fxg6 hxg6 18. Ne2 Kf7 19. Nf4 Nd7 20. Bh3 g5 21.
Nd5 Bxd5 22. exd5 Ne5 23. Bxg5 Qd8 24. Bxf6 Qxf6 25. Rxf6+ Kxf6 26. Rf1+ Ke7
27. Qg5+ {Black resigns} 1-0

[Event "ICCopen2017"]
[Site "Internet Chess Club"]
[Date "2017.03.26"]
[Round "5"]
[White "qpr"]
[Black "Jimxyz"]
[Result "1-0"]
[ICCResult "Black checkmated"]
[WhiteElo "1606"]
[BlackElo "1385"]
[Opening "Queen's pawn: English defense"]
[ECO "A40"]
[NIC "QO.17"]
[Time "19:51:38"]
[TimeControl "180+0"]

1. d4 b6 2. c4 Bb7 3. Nf3 e6 4. Nc3 Bb4 5. Qc2 Bxf3 6. gxf3 Nf6 7. a3 Be7 8.
Rg1 d5 9. Rxg7 Rg8 10. Rxg8+ Nxg8 11. Bf4 h5 12. cxd5 exd5 13. e3 Bd6 14.
Bxd6 Qxd6 15. Nb5 Qf6 16. Nxc7+ Kd8 17. Nxa8 Ne7 18. Qc7+ Ke8 19. Qxb8+ Kd7
20. Qxa7+ Ke8 21. Qxb6 Qxf3 22. Rc1 Qxe3+ 23. fxe3 Nc8 24. Rxc8+ Kd7 25.
Rc7+ Kd8 26. Qb8# {Black checkmated} 1-0

[Event "ICCopen2017"]
[Site "Internet Chess Club"]
[Date "2017.03.26"]
[Round "5"]
[White "ShadowStorm"]
[Black "hgarjur"]
[Result "0-1"]
[ICCResult "White resigns"]
[WhiteElo "1343"]
[BlackElo "1907"]
[Opening "Queen's pawn"]
[ECO "A40"]
[NIC "QO.17"]
[Time "19:52:33"]
[TimeControl "180+0"]

1. d4 f6 2. e3 g6 3. f4 Bg7 4. Nf3 Nh6 5. Bd3 Nf7 6. Nbd2 d6 7. Nb3 e5 8.
dxe5 fxe5 9. fxe5 Nxe5 10. O-O Nxd3 11. cxd3 O-O 12. d4 Nc6 13. Bd2 Bf5 14.
Bc3 Ne7 15. Qd2 Nd5 16. Rae1 Nxc3 17. bxc3 Be4 18. Qf2 g5 19. Nfd2 Rxf2 20.
Rxf2 Bg6 21. e4 Qe8 22. Nc1 c5 23. Ne2 Rc8 24. d5 h6 25. c4 a6 26. Ng3 Bd4
{White resigns}
0-1

[Event "ICCopen2017"]
[Site "Internet Chess Club"]
[Date "2017.03.26"]
[Round "5"]
[White "xvs"]
[Black "kobayashi"]
[Result "1-0"]
[ICCResult "Black resigns"]
[WhiteElo "1707"]
[BlackElo "2011"]
[Opening "Sicilian: Nimzovich-Rossolimo attack (without ...d6)"]
[ECO "B30"]
[NIC "SI.31"]
[Time "19:52:06"]
[TimeControl "180+0"]

1. e4 c5 2. Nf3 Nc6 3. Bb5 Nd4 4. Nxd4 cxd4 5. O-O e6 6. a3 a6 7. Bc4 b5 8.
Bb3 Bb7 9. d3 Qb6 10. Qe2 Nf6 11. Bf4 d6 12. h3 e5 13. Bg5 Be7 14. Nd2 h6
15. Bh4 O-O 16. Bg3 Rac8 17. Rac1 Rfe8 18. Kh1 Bf8 19. f4 exf4 20. Bxf4 Nd7
21. Qh5 g6 22. Qxg6+ Bg7 23. Bxh6 {Black resigns} 1-0

[Event "ICCopen2017"]
[Site "Internet Chess Club"]
[Date "2017.03.26"]
[Round "5"]
[White "Mandragora"]
[Black "MDRAFE3"]
[Result "0-1"]
[ICCResult "White resigns"]
[WhiteElo "1564"]
[BlackElo "1965"]
[Opening "Sicilian defense"]
[ECO "B40"]
[NIC "SI.43"]
[Time "19:51:50"]
[TimeControl "180+0"]

1. e4 c5 2. Nf3 e6 3. Bc4 a6 4. d4 b5 5. Be2 cxd4 6. Nxd4 Nf6 7. f3 d5 8. e5
Nfd7 9. f4 Bb7 10. O-O Bc5 11. c3 Nc6 12. Be3 Qb6 13. b4 Bxd4 14. Bxd4 Nxd4
15. cxd4 O-O 16. Nc3 f6 17. Kh1 Rac8 18. Rc1 fxe5 19. fxe5 Rxf1+ 20. Bxf1
Nf8 21. Qg4 a5 22. a3 axb4 23. axb4 Bc6 24. Ra1 Be8 25. Ra5 Rxc3 26. Bxb5
Rc1+ {White resigns} 0-1

[Event "ICCopen2017"]
[Site "Internet Chess Club"]
[Date "2017.03.26"]
[Round "5"]
[White "bennywins"]
[Black "GrandPatzer5"]
[Result "0-1"]
[ICCResult "White resigns"]
[WhiteElo "1487"]
[BlackElo "1930"]
[Opening "Sicilian defense"]
[ECO "B41"]
[NIC "SI.41"]
[Time "19:52:54"]
[TimeControl "180+0"]

1. e4 e6 2. d4 c5 3. Nf3 cxd4 4. Nxd4 Bc5 5. Be3 Qb6 6. b3 Nc6 7. Nxc6 Bxe3
8. Qf3 Qxc6 9. Qxe3 Qxc2 10. Bd3 Qb2 {White resigns} 0-1

[Event "ICCopen2017"]
[Site "Internet Chess Club"]
[Date "2017.03.26"]
[Round "5"]
[White "HighGround"]
[Black "blackjack721"]
[Result "0-1"]
[ICCResult "White checkmated"]
[WhiteElo "1340"]
[BlackElo "1246"]
[Opening "Sicilian defense"]
[ECO "B40"]
[NIC "SI.43"]
[Time "19:52:06"]
[TimeControl "180+0"]

1. e4 c5 2. Nf3 e6 3. d3 d5 4. exd5 exd5 5. g3 Bg4 6. Bg2 Qd7 7. Qe2+ Be7 8.
Nc3 Nf6 9. Bg5 d4 10. Ne4 Nxe4 11. Bxe7 Qxe7 12. Qxe4 Be6 13. O-O O-O 14.
Rfe1 Nc6 15. Nd2 Qd7 16. Qf4 Rae8 17. a3 Bh3 18. Bf3 f5 19. Nc4 Re6 20. Rxe6
Qxe6 21. Bd5 Qxd5 22. Re1 Qg2# {White checkmated} 0-1

[Event "ICCopen2017"]
[Site "Internet Chess Club"]
[Date "2017.03.26"]
[Round "5"]
[White "kutittaja"]
[Black "knightspirit"]
[Result "1-0"]
[ICCResult "Black resigns"]
[WhiteElo "1590"]
[BlackElo "1244"]
[Opening "English: ultra-symmetrical variation"]
[ECO "A36"]
[NIC "EO.31"]
[Time "19:51:59"]
[TimeControl "180+0"]

1. c4 c5 2. Nc3 Nc6 3. g3 g6 4. Bg2 Bg7 5. d3 Nf6 6. e4 d6 7. Nge2 e5 8. h3
Be6 9. O-O Qd7 10. Kh2 O-O-O 11. Rb1 h5 12. f4 exf4 13. Nxf4 Ne5 14. Nxe6
Qxe6 15. b4 cxb4 16. Rxb4 Bh6 17. Bf4 g5 18. Bxe5 dxe5 19. Nd5 Nxd5 20. cxd5
Qd7 21. Qb3 g4 22. h4 Be3 23. Rb1 Bd4 24. Rxb7 Qd6 25. Qb5 Rhe8 26. Rc1+
{Black resigns}
1-0

[Event "ICCopen2017"]
[Site "Internet Chess Club"]
[Date "2017.03.26"]
[Round "5"]
[White "sanguine"]
[Black "blunder23"]
[Result "0-1"]
[ICCResult "White resigns"]
[WhiteElo "1031"]
[BlackElo "1462"]
[Opening "Sicilian defense"]
[ECO "B30"]
[NIC "SI.31"]
[Time "19:51:42"]
[TimeControl "180+0"]

1. e4 c5 2. Nf3 Nc6 3. Bc4 e6 4. Nc3 a6 5. d3 b5 6. Bb3 Bb7 7. O-O d6 8. a3
Nf6 9. Ng5 Be7 10. Bxe6 fxe6 11. Nxe6 Qd7 12. Nxg7+ Kf7 13. Nf5 Ne5 14. Bg5
Rhg8 15. Nh6+ Kg6 16. Nxg8 Kxg5 17. f4+ Kg6 18. f5+ Kg7 19. Qd2 Rxg8 20. Nd5
Nxd5 21. f6+ Bxf6 22. exd5 Bxd5 23. Qf4 Qe6 24. d4 cxd4 25. Qg3+ Kf7 26.
Rxf6+ Kxf6 27. Qh4+ Kf7 28. Rf1+ Nf3+ 29. Rxf3+ Bxf3 30. Qf4+ Qf6 31. Qxf6+
Kxf6 {White resigns} 0-1